 Dungeon Crawl Stone Soup version 0.26-a0-540-g8a0c9464d7 (webtiles) character file.

Game seed: 12003258298389816031

160344 HoaS the Warrior (level 18, 0/157 HPs)
             Began as a Formicid Fighter on Aug 25, 2020.
             Was the Champion of Makhleb.
             Slain by an eight-headed hydra (3 damage)
             ... called by a spriggan druid
             ... on level 4 of the Swamp.
             The game lasted 01:24:03 (29892 turns).

HoaS the Warrior (Formicid Fighter)                Turns: 29892, Time: 01:24:05

Health: 0/157      AC: 39    Str: 28    XL:     18   Next: 39%
Magic:  18/18      EV:  8    Int:  9    God:    Makhleb [******]
Gold:   3558       SH: 15    Dex: 10    Spells: 17/17 levels left

rFire    + . .     SeeInvis +   I - +0 quarterstaff (vorpal)
rCold    . . .     Faith    .   a - +1 kite shield {rF+}
rNeg     . . .     Spirit   .   v - +10 plate armour
rPois    .         Reflect  .   (helmet unavailable)
rElec    .         Harm     .   k - +1 cloak
rCorr    +                      b - +1 pair of gloves
MR       +....                  O - +1 pair of boots
Stlth    ..........             d - amulet of regeneration
HPRegen  0.76/turn              F - +4 ring of protection
MPRegen  0.16/turn              J - ring of resist corrosion

@: no status effects
A: permanent stasis, dig shafts and tunnels, four strong arms, antennae 3
a: Dig, Shaft Self, Minor Destruction, Lesser Servant of Makhleb, Major
Destruction, Greater Servant of Makhleb, Renounce Religion


You were on level 4 of the Swamp.
You worshipped Makhleb.
Makhleb was exalted by your worship.
You visited 4 branches of the dungeon, and saw 27 of its levels.
You also visited: Gauntlet and Volcano.

You collected 3558 gold pieces.

Inventory:

Hand Weapons
 r - a +5 antimagic lajatang
 w - a +2 lajatang of speed
 I - a +0 vorpal quarterstaff (weapon)
Armour
 a - a +1 kite shield of fire resistance (worn)
 b - a +1 pair of gloves (worn)
 k - a +1 cloak (worn)
 v - a +10 plate armour (worn)
 M - a scarf of resistance
 O - a +1 pair of boots (worn)
Jewellery
 d - an amulet of regeneration (around neck)
 f - an uncursed ring of protection from fire
 j - an uncursed ring of ice
 m - an uncursed ring of positive energy
 o - an uncursed ring of positive energy
 y - an uncursed ring of protection from magic
 F - a +4 ring of protection (left hand)
 H - an uncursed ring of fire
 J - a ring of resist corrosion (right hand)
 N - an uncursed ring of ice
Wands
 g - a wand of flame (156)
 h - a wand of paralysis (16)
 q - a wand of polymorph (11)
 u - a wand of iceblast (11)
 x - a wand of acid (16)
 A - a wand of enslavement (9)
 B - a wand of digging (6)
 E - a wand of disintegration (23)
 P - a wand of random effects (22)
Scrolls
 e - 19 scrolls of identify
 i - 13 scrolls of remove curse
 l - 5 scrolls of fear
 z - 3 scrolls of fog
 C - 2 scrolls of enchant armour
 K - 2 scrolls of magic mapping
Potions
 c - 5 potions of curing
 n - 3 potions of invisibility
 p - 5 potions of flight
 s - 3 potions of ambrosia
 t - 6 potions of lignification
 D - 2 potions of heal wounds
 G - a potion of resistance
 L - 3 potions of mutation


   Skills:
 + Level 18.2 Fighting
 + Level 17.7 Staves
 + Level 15.3 Armour
 - Level 15.0 Shields


You had 17 spell levels left.
You didn't know any spells.
Your spell library contained the following spells:

 Spells                   Type           Power        Failure   Level
 Animate Skeleton         Necr           #.....       94%         1
 Apportation              Tloc           #.....       94%         1
 Beastly Appendage        Tmut           #.....       94%         1
 Corona                   Hex            #......      94%         1
 Summon Small Mammal      Summ           #...         94%         1
 Call Imp                 Summ           #.......     98%         2
 Ensorcelled Hibernation  Hex/Ice        #.....       98%         2
 Passwall                 Tmut/Erth      #.......     98%         2
 Wereblood                Tmut           #.......     98%         2
 Call Canine Familiar     Summ           #.......     100%        3
 Confusing Touch          Hex            #.......     100%        3
 Dazzling Flash           Conj/Hex       #.....       100%        3
 Gell's Gravitas          Tloc           #.........   100%        3
 Lesser Beckoning         Tloc           #.........   100%        3
 Spider Form              Tmut/Pois      #.........   100%        3
 Summon Guardian Golem    Hex/Summ       #.......     100%        3
 Teleport Other           Tloc           #.......     100%        3
 Tukima's Dance           Hex            #.......     100%        3
 Ice Form                 Ice/Tmut       #.......     100%        4
 Passage of Golubria      Tloc           N/A          100%        4
 Summon Ice Beast         Ice/Summ       #.......     100%        4
 Summon Lightning Spire   Summ/Air       #.......     100%        4
 Blade Hands              Tmut           #.........   100%        5
 Bolt of Magma            Conj/Fire/Erth #.........   100%        5
 Iskenderun's Battlesphe  Conj           #.......     100%        5
 Lee's Rapid Deconstruct  Erth           #.........   100%        5
 Invisibility             Hex            #.......     100%        6
 Iron Shot                Conj/Erth      #.........   100%        6
 Orb of Destruction       Conj           #.........   100%        7
 Spellforged Servitor     Conj/Summ      #.........   100%        7
 Blink                    Tloc           Unusable     N/A         2
 Swiftness                Air            Unusable     N/A         2

Dungeon Overview and Level Annotations

Branches:
Dungeon (15/15)            Temple (0/1) D:6            Lair (6/6) D:8
  Swamp (4/4) Lair:4       Spider (0/4) Lair:2        Slime (0/5) Lair:5
    Orc (2/2) D:11            Elf (0/3) Orc:2        Vaults (0/5) D:13
 Depths (0/5) D:15        Volcano (visited)         Gauntlet (visited)

Altars:
Dithmenos
Elyvilon
Fedhas
Gozag
Hepliaklqana
Kikubaaqudgha
Makhleb
Okawaru
Qazlal
Sif Muna
Uskayaw
Xom
Yredelemnul
Zin
The Shining One
Beogh

Shops:
D:10 ?   D:12 =   Orc:2 =((*


Innate Abilities, Weirdness & Mutations

You cannot be hasted, slowed, berserked, paralysed or teleported.
You can dig through walls and to a lower floor.
Your four strong arms can wield two-handed weapons with a shield.
You have a pair of large antennae on your head. (SInv)


Message History

The eight-headed hydra bites you but does no damage. x2
The eight-headed hydra barely misses you.
You block the eight-headed hydra's attack.
The eight-headed hydra bites you but does no damage. x3
You hit the eight-headed hydra but do no damage.
The eight-headed hydra is severely wounded.
The briar patch crumbles away.
The six-headed hydra closely misses you.
You block the six-headed hydra's attack. x2
The six-headed hydra bites you.
* * * LOW HITPOINT WARNING * * *
The six-headed hydra bites you!
* * * LOW HITPOINT WARNING * * *
The six-headed hydra bites you but does no damage.
You thump the eight-headed hydra!
The eight-headed hydra is almost dead.
The briar patch crumbles away.
You block the eight-headed hydra's attack. x3
The eight-headed hydra bites you.
You die...

♣♣≈≈.≈≈{♣# { {{{{#
♣♣♣.≈{.♣ { { {{ ≈≈ ♣...♣#
{ ♣.≈≈♣ ♣≈.≈♣# { ♣....
♣≈≈≈≈♣ #♣≈♣♣.≈≈≈ ♣≈..≈♣# {
#♣≈≈♣♣≈≈≈≈ ♣♣≈.k†♣#
#♣≈≈≈♣..≈≈. ♣♣♣§if♣♣#
#♣.≈.≈≈.≈≈..
♣♣§.DD@♣♣##♣≈§≈≈≈≈≈≈≈♣♣
♣♣≈PP≈DD≈≈♣≈≈≈...≈≈.≈≈.≈
♣♣♣..≈≈.≈(.≈.PP≈♣≈....≈≈≈.
♣≈§≈..♣♣.≈.♣§PP...≈...≈≈≈.
♣.≈≈♣♣♣♣.≈..≈PP.≈..♣♣♣.≈≈.
♣...♣ ♣PPP♣PPP≈≈.♣♣ ♣..≈.
♣♣≈..♣♣♣♣♣P♣♣PPP.≈≈♣♣
♣≈.≈♣
♣.≈≈≈.♣≈..≈≈.≈≈..≈≈.♣
♣♣♣♣♣
♣♣.≈≈≈.≈♣≈≈...≈≈≈..≈.♣


You could see a thorn hunter, 2 eight-headed hydras, a six-headed hydra, a
four-headed hydra, a spriggan druid and a swamp drake.

Vanquished Creatures
  Rupert (D:15)
  A tentacled monstrosity (Swamp:2)
  Jorgrun (D:12)
  Gastronok (Lair:3)
  Agnes (D:15)
  The ghost of p0werm0de the Warrior, a journeyman MiFi of Cheibriados (Swamp:3)
  A minotaur (Gauntlet)
  A dire elephant (Lair:5)
  An ettin (D:15)
  A fire dragon (D:13)
  A vault guard (D:13)
  Fannar (D:11)
  16 hydras
  Erica (D:8)
  An ice dragon (Lair:6)
  A catoblepas (Lair:6)
  2 centaur warriors (D:15)
  14 two-headed ogres
  2 ogre magi (Orc:2)
  A hell hog (Volcano)
  2 death knights
  14 alligators
  2 tengu warriors
  4 death yaks (Lair:6)
  Urug (D:11)
  Sonja (Lair:2)
  A fire crab (Volcano)
  A hell knight (D:15)
  5 skeletal warriors (D:14)
  A deep troll (Orc:1)
  3 spriggan druids
  An iron troll (D:11)
  3 unseen horrors
  5 swamp dragons
  A deep elf archer (D:15)
  An orc knight (D:11)
  A necromancer (Gauntlet)
  A lindwurm (Lair:6)
  4 manticores
  3 cyclopes
  3 wolf spiders
  4 orc sorcerers
  7 ugly things
  26 slime creatures
  16 elephants (Lair:5)
  A guardian serpent (Lair:6)
  Maurice (D:13)
  8 black mambas
  The ghost of stazo the Skirmisher, a novice DsFi (D:6)
  A gargoyle (D:15)
  4 centaur zombies
  A molten gargoyle (Volcano)
  7 torpor snails
  2 centaur skeletons
  22 cane toads
  2 freezing wraiths (D:14)
  4 komodo dragons (Lair:4)
  4 yaktaurs (D:15)
  2 tengu conjurers
  A kobold demonologist (D:15)
  A redback zombie (D:14)
  2 rime drakes
  An ice devil (Gauntlet)
  A queen bee (Gauntlet)
  The ghost of donkeybrains the Chopper, an amateur DDFi (D:5)
  13 trolls
  3 polar bears
  14 blink frogs
  15 tyrant leeches
  7 bog bodies
  Prince Ribbit (D:8)
  13 hornets
  4 hippogriffs
  6 dream sheep
  A centaur simulacrum (D:14)
  5 wraiths
  12 shadows
  6 fire bats (Volcano)
  3 redbacks
  19 spriggans
  61 yaks
  10 wyverns
  Grum (D:8)
  2 steam dragons
  10 insubstantial wisps (Swamp:2)
  13 vampire mosquitoes
  8 swamp worms
  2 wargs
  An acid dragon (D:15)
  A soldier ant (D:12)
  3 hell hounds (Volcano)
  20 water moccasins
  Purgy (D:3)
  A hornet zombie (D:15)
  5 ice beasts
  23 orc warriors
  3 black bears
  9 swamp drakes
  A necrophage (D:12)
  An eye of draining (D:15)
  6 phantoms
  10 porcupines
  25 ogres
  7 wolves
  6 centaurs
  12 crocodiles
  4 big kobolds (D:15)
  17 bullfrogs
  The ghost of Tenar the Digger, an amateur GrEE (D:3)
  2 troll zombies (Swamp:2)
  4 scorpions
  70 killer bees
  3 wights (D:10)
  7 electric eels
  4 bullfrog zombies
  5 lava snakes (Volcano)
  5 hounds
  10 orc priests
  7 jellies
  3 quasits (D:5)
  2 bullfrog skeletons
  Ijyb (D:5)
  5 iguanas
  23 orc wizards
  14 worker ants
  A killer bee zombie (D:9)
  A hound zombie (D:10)
  5 gnolls
  11 adders
  4 shadow imps
  7 white imps
  An ufetubus (D:7)
  4 oozes
  An adder skeleton (D:4)
  6 worms
  3 leopard geckos
  82 orcs
  4 ball pythons
  9 bats
  3 giant cockroaches
  4 hobgoblins
  6 jackals
  6 quokkas
  3 frilled lizards
  A giant cockroach zombie (D:5)
  5 goblins
  A jackal zombie (D:5)
  8 kobolds
  3 leopard gecko skeletons
  A leopard gecko zombie (D:8)
  2 quokka zombies
  4 rats
  3 plants
968 creatures vanquished.

Vanquished Creatures (others)
  A hell hound (Volcano)
  An orc (Orc:2)
  A briar patch (Swamp:4)
  A bush (Lair:6)
  49 fungi
  34 plants
87 creatures vanquished.

Grand Total: 1055 creatures vanquished

Notes
Turn   | Place    | Note
-------+----------+-------------------------------------------
     0 | D:1      | HoaS the Formicid Fighter began the quest for the Orb.
     0 | D:1      | Reached XP level 1. HP: 18/18 MP: 1/1
    66 | D:1      | Reached XP level 2. HP: 18/24 MP: 2/2
   639 | D:2      | Reached XP level 3. HP: 29/29 MP: 3/3
   943 | D:2      | Reached XP level 4. HP: 34/35 MP: 4/4
  1195 | D:2      | Found a blossoming altar of Fedhas.
  1225 | D:2      | You fall into a shaft and drop 1 floor!
  1235 | D:3      | Noticed Purgy
  1259 | D:3      | Killed Purgy
  1259 | D:3      | Reached skill level 5 in Shields
  1259 | D:3      | Reached XP level 5. HP: 8/41 MP: 5/5
  1551 | D:3      | Found a runed translucent gate.
  1552 | D:3      | Found a runed translucent gate.
  1552 | D:3      | Noticed Tenar's ghost (amateur GrEE)
  1553 | D:3      | Found a runed translucent gate.
  1553 | D:3      | Found a roughly hewn altar of Beogh.
  1553 | D:3      | Identified the cursed +2 whip of Fate {speed, +Rage +Fly
                  | rF+ MR-}
  1558 | D:3      | Found a burning altar of Makhleb.
  1568 | D:3      | Reached XP level 6. HP: 42/47 MP: 6/6
  1573 | D:3      | Became a worshipper of Makhleb the Destroyer
  1673 | D:3      | Found a glowing golden altar of the Shining One.
  2351 | D:3      | Reached skill level 5 in Staves
  2361 | D:3      | Killed Tenar's ghost
  3427 | D:4      | Reached XP level 7. HP: 52/52 MP: 7/7
  3496 | D:4      | Reached * piety under Makhleb
  3625 | D:4      | Found a hazy altar of Hepliaklqana.
  3625 | D:4      | Found a stormy altar of Qazlal.
  3626 | D:4      | Found a shimmering blue altar of Sif Muna.
  3760 | D:4      | Found a basalt altar of Yredelemnul.
  3890 | D:5      | Entered Level 5 of the Dungeon
  4017 | D:5      | Reached XP level 8. HP: 55/58 MP: 8/8
  4174 | D:5      | Noticed Ijyb
  4183 | D:5      | Killed Ijyb
  4322 | D:5      | Found a transporter.
  4357 | D:5      | Found a transporter.
  4367 | D:5      | Noticed donkeybrains's ghost (amateur DDFi)
  4748 | D:6      | Reached XP level 9. HP: 64/64 MP: 9/9
  4957 | D:6      | Found an iron altar of Okawaru.
  5073 | D:6      | Found an ancient bone altar of Kikubaaqudgha.
  5232 | D:6      | Found a staircase to the Ecumenical Temple.
  5287 | D:6      | Found a runed translucent gate.
  5287 | D:6      | Found a runed translucent gate.
  5287 | D:6      | Found a runed translucent gate.
  5287 | D:6      | Identified the +1 dire flail "Kiroiska" {vorpal, rPois rF+
                  | rC+ MR+ Str-3}
  5288 | D:6      | Noticed stazo's ghost (novice DsFi)
  5308 | D:6      | Found a roughly hewn altar of Beogh.
  5501 | D:7      | Found a hide-covered altar of Uskayaw.
  5501 | D:7      | Noticed a +0 dagger
  5502 | D:7      | Noticed a +0 dagger
  5577 | D:7      | Reached ** piety under Makhleb
  5608 | D:7      | Noticed a hornet
  5624 | D:7      | Killed a hornet
  6133 | D:7      | Reached skill level 10 in Staves
  6147 | D:7      | Found a shadowy altar of Dithmenos.
  6435 | D:7      | Found a shimmering altar of Xom.
  6740 | D:8      | Noticed Prince Ribbit
  6790 | D:8      | Killed Prince Ribbit
  6797 | D:8      | Noticed Erica
  6817 | D:8      | Killed Erica
  6817 | D:8      | Reached XP level 10. HP: 15/70 MP: 10/10
  6825 | D:8      | HP: 3/70 [porcupine (5)]
  7387 | D:8      | Found an iron altar of Okawaru.
  7456 | D:8      | Reached *** piety under Makhleb
  7603 | D:8      | Found a staircase to the Lair.
  7636 | D:8      | Reached XP level 11. HP: 55/75 MP: 11/11
  7689 | D:8      | Found an opulent altar of Gozag.
  7689 | D:8      | Found a glowing silver altar of Zin.
  7757 | D:8      | Noticed Grum
  7785 | D:8      | Killed Grum
  8112 | D:5      | Killed donkeybrains's ghost
  8163 | D:6      | Identified a scroll of acquirement
  8163 | D:6      | Acquired a +1 antimagic lajatang
  8241 | D:6      | Killed stazo's ghost
  8241 | D:6      | Reached skill level 4 in Fighting
  8735 | D:9      | Reached **** piety under Makhleb
  8812 | D:9      | Reached skill level 5 in Fighting
  8812 | D:9      | Reached skill level 5 in Armour
  8849 | D:9      | Found an iron altar of Okawaru.
  8999 | D:9      | Noticed a manticore
  9016 | D:9      | Killed a manticore
 10580 | D:10     | Entered Level 10 of the Dungeon
 10703 | D:10     | Noticed a five-headed hydra
 10737 | D:9      | Killed a five-headed hydra
 10737 | D:9      | Reached skill level 6 in Fighting
 10938 | D:10     | Found Vaweva's Magic Scroll Shop.
 11217 | D:10     | Reached skill level 7 in Fighting
 11380 | D:10     | Noticed an unseen horror
 11385 | D:10     | Killed an unseen horror
 11939 | Lair:1   | Entered Level 1 of the Lair of Beasts
 12057 | Lair:1   | Reached skill level 8 in Fighting
 12132 | Lair:1   | Reached XP level 12. HP: 86/92 MP: 4/12
 12225 | Lair:1   | Reached ***** piety under Makhleb
 12403 | Lair:1   | Reached skill level 9 in Fighting
 12866 | Lair:1   | Reached skill level 10 in Fighting
 12990 | Lair:2   | Noticed Sonja
 12999 | Lair:2   | Killed Sonja
 13121 | Lair:2   | Noticed a seven-headed hydra
 13140 | Lair:2   | Killed a seven-headed hydra
 13140 | Lair:2   | Reached skill level 11 in Fighting
 13313 | Lair:2   | Found a hole to the Spider Nest.
 13494 | Lair:2   | Reached skill level 12 in Fighting
 13494 | Lair:2   | Reached XP level 13. HP: 108/108 MP: 4/13
 13578 | Lair:2   | Noticed a seven-headed hydra
 13604 | Lair:2   | Killed a seven-headed hydra
 14041 | Lair:3   | Reached skill level 13 in Fighting
 14329 | Lair:3   | Noticed a seven-headed hydra
 14341 | Lair:3   | Killed a seven-headed hydra
 14341 | Lair:3   | Reached skill level 14 in Fighting
 14448 | Lair:3   | Noticed a seven-headed hydra
 14463 | Lair:3   | Killed a seven-headed hydra
 14520 | Lair:3   | Noticed Gastronok
 14533 | Lair:3   | Killed Gastronok
 14868 | Lair:4   | Found a staircase to the Swamp.
 15100 | Lair:4   | Noticed an eight-headed hydra
 15136 | Lair:4   | Killed a ten-headed hydra
 15512 | Lair:4   | Found a glowing silver altar of Zin.
 15760 | Lair:5   | Reached skill level 10 in Shields
 15770 | Lair:5   | Reached XP level 14. HP: 115/121 MP: 4/14
 15837 | Lair:5   | Reached ****** piety under Makhleb
 15837 | Lair:5   | Reached skill level 10 in Armour
 15948 | Lair:5   | Found a dark tunnel.
 15957 | Volcano  | Entered a volcano
 16132 | Volcano  | Found a bloodstained altar of Trog.
 16436 | Lair:5   | Found a staircase to the Slime Pits.
 16490 | Lair:5   | Noticed a dire elephant
 16506 | Lair:5   | Killed a dire elephant
 16646 | Lair:5   | Reached skill level 15 in Fighting
 17236 | Lair:6   | Entered Level 6 of the Lair of Beasts
 17263 | Lair:6   | Reached skill level 15 in Staves
 17295 | Lair:6   | Found a gate leading to a gauntlet.
 17311 | Gauntlet | Entered a Gauntlet
 17311 | Gauntlet | Found a transporter.
 17311 | Gauntlet | Found a transporter.
 17312 | Gauntlet | Found a transporter.
 17316 | Gauntlet | Found a transporter.
 17317 | Gauntlet | Found the amulet of the Air {Inacc +Fly rElec EV+5 RMsl}
 17325 | Gauntlet | Found a transporter.
 17339 | Gauntlet | Found a transporter.
 17343 | Gauntlet | Found a large runed translucent door.
 17344 | Gauntlet | Found a large runed translucent door.
 17345 | Gauntlet | Found a large runed translucent door.
 17346 | Gauntlet | Found a runed translucent gate.
 17347 | Gauntlet | Found a transporter.
 17347 | Gauntlet | Found a runed translucent gate.
 17348 | Gauntlet | Found a runed translucent gate.
 17349 | Gauntlet | Found a large runed translucent door.
 17350 | Gauntlet | Found a large runed translucent door.
 17351 | Gauntlet | Found a large runed translucent door.
 17358 | Gauntlet | Found a large runed translucent door.
 17358 | Gauntlet | Found a large runed translucent door.
 17360 | Gauntlet | Found a large runed translucent door.
 17360 | Gauntlet | Found a large runed translucent door.
 17360 | Gauntlet | Found a runed translucent door.
 17360 | Gauntlet | Found a runed translucent door.
 17361 | Gauntlet | Found a large runed translucent door.
 17362 | Gauntlet | Found a large runed translucent door.
 17364 | Gauntlet | Found a transporter.
 17372 | Gauntlet | Found a transporter.
 17389 | Gauntlet | Found a transporter.
 17432 | Gauntlet | Found a transporter.
 17443 | Gauntlet | Found a transporter.
 17481 | Gauntlet | Found a large runed translucent door.
 17482 | Gauntlet | Found a large runed translucent door.
 17483 | Gauntlet | Found a large runed translucent door.
 17483 | Gauntlet | Found a large runed translucent door.
 17755 | Gauntlet | Noticed a minotaur
 17771 | Gauntlet | Killed a minotaur
 17882 | Lair:6   | Found a runed translucent door.
 17887 | Lair:6   | Reached XP level 15. HP: 129/129 MP: 5/15
 19762 | D:11     | Noticed Fannar
 19782 | D:11     | Killed Fannar
 19782 | D:11     | Reached skill level 16 in Fighting
 19870 | D:11     | You fall into a shaft and drop 2 floors!
 19938 | D:12     | Noticed Jorgrun
 19995 | D:12     | Killed Jorgrun
 20282 | D:11     | Found a staircase to the Orcish Mines.
 20445 | D:11     | Noticed Urug
 20469 | D:11     | Killed Urug
 20469 | D:11     | Reached XP level 16. HP: 138/138 MP: 5/16
 20873 | D:12     | Found Ybinwea's Jewellery Boutique.
 21243 | Orc:1    | Entered Level 1 of the Orcish Mines
 21576 | Orc:1    | Found a roughly hewn altar of Beogh.
 21694 | Orc:2    | Entered Level 2 of the Orcish Mines
 22663 | Orc:2    | Found a staircase to the Elven Halls.
 22794 | Orc:2    | Found Axaumuom's Jewellery Emporium.
 22799 | Orc:2    | Found Vegeul's Antique Weapon Boutique.
 22804 | Orc:2    | Found Effohatz's Antique Weapon Shoppe.
 22805 | Orc:2    | Found Jemun's General Store.
 23208 | D:13     | Noticed Maurice
 23220 | D:13     | Killed Maurice
 23623 | D:13     | Found a gate to the Vaults.
 24308 | D:14     | Found a white marble altar of Elyvilon.
 24505 | D:14     | Reached XP level 17. HP: 112/146 MP: 5/17
 24530 | D:14     | Reached skill level 17 in Fighting
 24950 | D:15     | Entered Level 15 of the Dungeon
 25078 | D:15     | Found a shimmering altar of Xom.
 25194 | D:15     | Noticed Agnes
 25215 | D:15     | Killed Agnes
 25653 | D:15     | Noticed Rupert
 25670 | D:15     | Killed Rupert
 25744 | D:15     | Found a staircase to the Depths.
 26116 | Swamp:1  | Entered Level 1 of the Swamp
 26376 | Swamp:1  | Reached skill level 15 in Shields
 27641 | Swamp:2  | Noticed a tentacled monstrosity
 27651 | Swamp:2  | Killed a tentacled monstrosity
 27997 | Swamp:2  | Reached XP level 18. HP: 156/156 MP: 18/18
 28395 | Swamp:3  | Reached skill level 18 in Fighting
 28426 | Swamp:3  | Reached skill level 15 in Armour
 28673 | Swamp:3  | Found a runed translucent door.
 29411 | Swamp:3  | Noticed p0werm0de's ghost (journeyman MiFi)
 29442 | Swamp:3  | Killed p0werm0de's ghost
 29542 | Swamp:4  | Entered Level 4 of the Swamp
 29891 | Swamp:4  | HP: 2/157 [six-headed hydra (7)]
 29892 | Swamp:4  | Slain by an eight-headed hydra

Illustrated notes

Levels and vault maps discovered:
D:1:      dpeg_arrival_tiny_i, layout_basic
D:2:      layout_loops_ring, fedhas_altar_3
D:3:      minmay_inner_zag, layout_loops_corners, tso_metal_star,
          makhleb_heckhound_becter, biasface_ghost_orc_armoury, uniq_purgy
D:4:      layout_rooms, marbit_many_paths, gammafunk_temple_overflow_claw
D:5:      layout_rooms, gammafunk_ghost_stat_death, uniq_ijyb
D:6:      layout_basic, kiku_gazebo_pond_becter, lemuel_round_altar,
          minmay_temple_entry_large_hall, biasface_ghost_orc_armoury
D:7:      layout_loops_ring, dancing_weapons_uskayaw,
          nicolae_overflow_crystal_walls, lemuel_doored_altar
D:8:      layout_cave_pools, grunt_temple_overflow_gold_and_silver,
          minmay_lair_entry_grove, enter_bailey_2, basic_altar,
          minmay_misc_feat_nine_boxes, uniq_prince_ribbit1, uniq_grum,
          uniq_erica
D:9:      cheibrodos_two_vegetables, layout_irregular_city, okawaru_trees_2
D:10:     layout_basic, serial_shops, shop
D:11:     layout_irregular_city, david_orc_4, uniq_fannar, uniq_urug
D:12:     layout_irregular_city, serial_shops, shop, item_on_display_a,
          uniq_jorgrun
D:13:     layout_gridville, david_vaults_5, uniq_maurice
D:14:     layout_gridville, elyvilon_altar_4, kb_tengu_band
D:15:     hangedman_depths_entry_civil_slaughter, layout_basic, basic_altar,
          serial_bayou_crossing, uniq_rupert, uniq_agnes
Lair:1:   wad_woods_minihive, layout_hall_layers
Lair:2:   layout_roguey, spider_nest_entry_webs, uniq_sonja
Lair:3:   layout_regular_city, uniq_gastronok
Lair:4:   layout_regular_city, skrybe_swamp_entry_bodies, basic_altar
Lair:5:   mu_elephants_graveyard, layout_regular_city,
          nicolae_slime_entry_slimehenge, nicolae_volcano_entry_lava_flow
Lair:6:   wormcave, layout_misc_corridors, hangedman_lair_tendril_chambers,
          gauntlet_entry_generic, chequers_serial_rivers_small_a
Swamp:1:  layout_basic_swamp, evilmike_swamp_ruin_wall, swamp_pool5
Swamp:2:  layout_basic_swamp, hangedman_swamp_lotus, cheibrodos_swamp_minitomb
Swamp:3:  layout_falls_marsh, ebering_ghost_inner_flame,
          evilmike_swamp_ruin_rubble_1, infiniplex_staircase_pool_2
Swamp:4:  swamp, layout_basic_swamp
Orc:1:    layout_diamond_mine, basic_altar
Orc:2:    st_orc_open, layout_caves

Skill      XL: |  1  2  3  4  5  6  7  8  9 10 11 12 13 14 15 16 17 18 |
---------------+-------------------------------------------------------+-----
Shields        | 4 5 6 8 9 10 11 13 14 15 | 15.0
Staves         | 3 4 5 6 8 12 13 14 15 16 17 | 17.7
Fighting       | 8 12 14 15 16 17 18 | 18.2
Armour         | 7 9 11 12 13 14 15 | 15.3

Action                   |  1- 3 |  4- 6 |  7- 9 | 10-12 | 13-15 | 16-18 || total
-------------------------+-------+-------+-------+-------+-------+-------++-------
Melee: Quarterstaff      |    74 |   210 |   424 |   276 |   120 |    68 ||  1172
       Lajatang          |       |       |       |   655 |  1280 |  1577 ||  3512
 Abil: Dig               |       |       |       |     4 |     5 |       ||     9
Evoke: Wand              |       |       |     4 |     8 |       |       ||    12
  Use: Scroll            |     4 |     3 |    12 |     6 |    10 |     8 ||    43
       Potion            |       |     2 |     4 |     2 |     1 |     3 ||    12
 Stab: Distracted        |       |       |       |       |     1 |       ||     1
Armor: Scale mail        |    27 |    33 |       |       |       |       ||    60
       Plate armour      |       |    55 |   149 |   297 |   850 |   932 ||  2283
Dodge: Dodged            |    21 |    52 |    93 |   214 |   368 |   414 ||  1162
Block: Kite shield       |    51 |   103 |   200 |   430 |   796 |  1017 ||  2597

Table legend: (Time is in decaauts)
 A = Elapsed time spent in this place.
 B = Non-inter-level travel time spent in this place.
 C = Inter-level travel time spent in this place.
 D = Time resting spent in this place.
 E = Time spent auto-exploring this place.
 F = Levels seen in this place.
 G = Mean time per level.
                   A        B        C        D        E       F      G
               +--------+--------+--------+--------+--------+-----+--------+
         Total |  28728 |  26933 |   1795 |   5261 |  14663 |  29 |  990.6 |
       Dungeon |  16359 |  15098 |   1261 |   3576 |   8112 |  15 | 1090.6 |
          Lair |   6518 |   6152 |    366 |    683 |   3728 |   6 | 1086.3 |
         Swamp |   3505 |   3434 |     71 |    736 |   1796 |   4 |  876.2 |
  Orcish Mines |   1554 |   1458 |     96 |    266 |    718 |   2 |  777.0 |
       Volcano |    330 |    330 |      0 |      0 |    105 |   1 |  330.0 |
      Gauntlet |    460 |    460 |      0 |      0 |    203 |   1 |  460.0 |
               +--------+--------+--------+--------+--------+-----+--------+

Top non-repeatable levels by time:
     D:9: 2149 daAuts
     D:3: 1831 daAuts
     D:7: 1620 daAuts
  Lair:6: 1575 daAuts
    D:10: 1357 daAuts
 Swamp:3: 1190 daAuts
  Lair:5: 1127 daAuts
     D:6: 1084 daAuts
  Lair:4: 1015 daAuts
  Lair:2: 1009 daAuts
 Swamp:2: 1004 daAuts
    D:11: 994 daAuts
    D:13: 992 daAuts
 Swamp:1: 987 daAuts
  Lair:1: 939 daAuts
